General information
- name: BNet
- type: Ladder team game (AT/RT)
- host: Battle.net
- saver: GapInTheTooth
map: FullScaleAssault
- players: 8
- length: 148:56
- speed: Fast
- version: 1.21 W3XP
- replay type: Public
» download(804 KB)
Players
team 1 (loser)
AdventureTOWERS (
red | 58 APM | 8615 actions | 148:56)
9 Pandaren Brewmaster
3 Breath of Fire
3 Drunken Haze
3 Drunken Brawler
8 Tauren Chieftain
3 Shockwave
3 Endurance Aura
1 Reincarnation
1 War Stomp
8 Shadow Hunter
3 Healing Wave
3 Hex
1 Big Bad Voodoo
1 Serpent Ward
» actions
| Assign group hotkey | 201 | |
| Basic commands | 35 | |
| Build / train | 119 | |
| ESC pressed | 2 | |
| Enter build submenu | 80 | |
| Enter hero's abilities submenu | 26 | |
| Give item / drop item | 5 | |
| Right click | 6754 | |
| Select / deselect | 784 | |
| Select group hotkey | 158 | |
| Use ability | 451 | |
8615 total
» units
| Peon | 27 | |
| Troll Batrider | 8 | |
| Goblin Zeppelin | 3 | |
| Blue Dragon Whelp | 5 | |
| Blue Drake | 4 | |
| Kodo Beast | 1 | |
| Blue Dragon | 8 | |
56 total
» upgrades
| Liquid Fire | 1 | |
| Armor | 3 | |
| Reinforced Defenses | 1 | |
| Spiked Barricades | 1 | |
| Melee Weapons | 1 | |
7 total
» buildings
| Altar of Storms | 1 | |
| Orc Burrow | 9 | |
| War Mill | 3 | |
| Watch Tower | 64 | |
| Stronghold | 1 | |
| Voodoo Lounge | 2 | |
| Beastiary | 4 | |
| Great Hall | 1 | |
| Fortress | 1 | |
86 total
» build order
00:11 Altar of Storms
00:33 Orc Burrow
01:05 War Mill
02:33 Watch Tower
02:34 Watch Tower
02:43 Watch Tower
03:30 Orc Burrow
04:24 Watch Tower
05:01 Watch Tower
05:03 Watch Tower
05:05 Watch Tower
05:15 Watch Tower
05:27 Watch Tower
05:35 Watch Tower
05:50 Stronghold
06:20 Watch Tower
06:23 Watch Tower
06:26 Watch Tower
06:32 Watch Tower
06:42 Watch Tower
06:45 Watch Tower
06:48 Watch Tower
06:50 Watch Tower
07:27 Voodoo Lounge
07:31 Watch Tower
07:33 Watch Tower
07:57 War Mill
08:17 Beastiary
08:30 Beastiary
08:40 Watch Tower
09:12 Orc Burrow
09:23 Orc Burrow
10:16 Great Hall
10:22 Watch Tower
10:25 Watch Tower
10:31 Watch Tower
10:35 Watch Tower
11:52 Watch Tower
11:53 Watch Tower
11:56 Watch Tower
11:58 Watch Tower
12:37 Fortress
12:39 Beastiary
12:48 Watch Tower
12:50 Watch Tower
17:41 Beastiary
19:13 Voodoo Lounge
19:17 Orc Burrow
20:15 Orc Burrow
20:18 Orc Burrow
20:19 Watch Tower
20:20 Watch Tower
20:25 Watch Tower
20:27 Watch Tower
20:29 Watch Tower
22:40 Watch Tower
22:41 Watch Tower
22:54 Watch Tower
23:12 Orc Burrow
23:13 Orc Burrow
23:44 Watch Tower
23:46 Watch Tower
23:53 Watch Tower
24:03 Watch Tower
24:41 Watch Tower
25:52 Watch Tower
25:54 Watch Tower
25:57 Watch Tower
26:00 Watch Tower
27:07 Watch Tower
27:11 Watch Tower
27:12 Watch Tower
27:18 Watch Tower
27:19 Watch Tower
27:19 Watch Tower
27:21 Watch Tower
27:22 Watch Tower
27:24 Watch Tower
27:24 Watch Tower
27:27 Watch Tower
27:28 Watch Tower
27:29 Watch Tower
27:31 Watch Tower
27:33 Watch Tower
27:34 Watch Tower
31:18 War Mill
» items
| Healing Salve | 3 | |
| Lesser Clarity Potion | 6 | |
| Scroll of Town Portal | 3 | |
| Orb of Lightning | 2 | |
| Scroll of Speed | 1 | |
| Potion of Lesser Invulnerability | 1 | |
| Scroll of Healing | 1 | |
| Boots of Speed | 3 | |
| Staff of Teleportation | 2 | |
| Dust of Appearance | 2 | |
| Staff of Sanctuary | 1 | |
25 total
GOSUIMBATOWERS (
teal | 47 APM | 2581 actions | 54:54)
4 Demon Hunter
2 Mana Burn
2 Evasion
4 Warden
2 Shadow Strike
2 Fan of Knives
4 Pandaren Brewmaster
2 Breath of Fire
2 Drunken Haze
» actions
| Assign group hotkey | 6 | |
| Build / train | 49 | |
| Enter build submenu | 18 | |
| Enter hero's abilities submenu | 12 | |
| Give item / drop item | 1 | |
| Right click | 2221 | |
| Select / deselect | 191 | |
| Select group hotkey | 17 | |
| Use ability | 66 | |
2581 total
» units
» buildings
| Altar of Elders | 1 | |
| Moon Well | 12 | |
| Hunter's Hall | 1 | |
| Tree of Ages | 1 | |
| Tree of Eternity | 1 | |
| Ancient of Wonders | 3 | |
19 total
» build order
00:12 Altar of Elders
00:25 Moon Well
01:13 Moon Well
01:31 Moon Well
02:10 Hunter's Hall
02:34 Moon Well
05:02 Tree of Ages
05:06 Moon Well
05:11 Moon Well
05:14 Moon Well
06:03 Moon Well
06:07 Moon Well
06:10 Moon Well
07:01 Moon Well
07:05 Moon Well
07:33 Tree of Eternity
07:39 Ancient of Wonders
07:47 Ancient of Wonders
07:53 Ancient of Wonders
» items
| Orb of Venom | 3 | |
| Scroll of Regeneration | 6 | |
9 total
iN00BTOWERS (
blue | 73 APM | 8054 actions | 110:00)
6 Pandaren Brewmaster
3 Breath of Fire
2 Drunken Haze
1 Storm Earth and Fire
4 Pit Lord
2 Rain of Fire
2 Howl of Terror
4 Goblin Tinker
2 Cluster Rockets
2 Engineering Upgrade
2 Demon Hunter
1 Mana Burn
1 Metamorphosis
» actions
| Assign group hotkey | 814 | |
| Basic commands | 55 | |
| Build / train | 185 | |
| Enter build submenu | 157 | |
| Enter hero's abilities submenu | 17 | |
| Give item / drop item | 13 | |
| Remove unit from queue | 13 | |
| Right click | 3388 | |
| Select / deselect | 1729 | |
| Select group hotkey | 1130 | |
| Use ability | 552 | |
8054 total
» units
| Peasant | 45 | |
| Goblin Zeppelin | 2 | |
| Mortar Team | 10 | |
| Sorceress | 2 | |
59 total
» upgrades
| Masonry | 3 | |
| Lumber Harvesting | 2 | |
| Gunpowder | 3 | |
| Plating | 1 | |
| Armor | 2 | |
| Fragmentation Shards | 1 | |
| Flare | 1 | |
| Magic Sentry | 1 | |
| Sorceress Training | 1 | |
15 total
» buildings
| Altar of Kings | 1 | |
| Farm | 12 | |
| Lumber Mill | 1 | |
| Town Hall | 4 | |
| Scout Tower | 169 | |
| Guard Tower | 64 | |
| Keep | 2 | |
| Arcane Vault | 1 | |
| Castle | 1 | |
| Blacksmith | 1 | |
| Workshop | 5 | |
| Cannon Tower | 3 | |
| Arcane Sanctum | 1 | |
| Arcane Tower | 6 | |
271 total
» build order
00:08 Altar of Kings
00:09 Farm
00:48 Lumber Mill
02:09 Farm
02:43 Farm
03:37 Town Hall
05:35 Scout Tower
05:51 Scout Tower
05:59 Scout Tower
06:01 Scout Tower
06:04 Scout Tower
06:21 Scout Tower
06:25 Scout Tower
06:27 Guard Tower
06:27 Guard Tower
06:28 Guard Tower
06:42 Guard Tower
06:43 Scout Tower
06:44 Scout Tower
06:47 Scout Tower
06:50 Scout Tower
06:57 Scout Tower
07:01 Guard Tower
07:06 Scout Tower
07:19 Scout Tower
07:19 Guard Tower
07:20 Guard Tower
07:21 Scout Tower
07:22 Scout Tower
07:25 Guard Tower
07:25 Scout Tower
07:26 Scout Tower
07:27 Guard Tower
07:36 Guard Tower
07:43 Scout Tower
07:47 Keep
08:03 Guard Tower
08:10 Guard Tower
08:10 Guard Tower
08:14 Scout Tower
08:15 Scout Tower
08:17 Scout Tower
08:18 Scout Tower
08:20 Scout Tower
08:20 Scout Tower
08:43 Guard Tower
08:53 Guard Tower
08:58 Scout Tower
09:20 Town Hall
09:38 Scout Tower
09:40 Scout Tower
09:42 Scout Tower
09:46 Scout Tower
09:53 Scout Tower
10:08 Guard Tower
10:10 Scout Tower
10:12 Guard Tower
10:13 Scout Tower
10:14 Scout Tower
10:15 Guard Tower
10:30 Guard Tower
10:47 Guard Tower
10:48 Scout Tower
10:50 Scout Tower
10:53 Scout Tower
10:55 Scout Tower
10:57 Scout Tower
10:59 Scout Tower
11:11 Scout Tower
11:12 Scout Tower
11:14 Scout Tower
11:15 Scout Tower
11:19 Guard Tower
11:28 Arcane Vault
11:31 Guard Tower
11:47 Scout Tower
11:49 Guard Tower
11:51 Scout Tower
11:52 Scout Tower
11:53 Guard Tower
11:57 Scout Tower
11:59 Scout Tower
12:00 Guard Tower
12:06 Scout Tower
12:08 Scout Tower
12:12 Scout Tower
12:13 Scout Tower
12:16 Scout Tower
12:16 Scout Tower
12:18 Scout Tower
12:20 Scout Tower
12:21 Scout Tower
12:24 Scout Tower
12:26 Scout Tower
13:47 Guard Tower
13:48 Guard Tower
14:18 Castle
14:43 Scout Tower
14:44 Scout Tower
14:45 Scout Tower
14:46 Scout Tower
15:12 Guard Tower
15:28 Scout Tower
15:29 Scout Tower
15:54 Scout Tower
16:07 Scout Tower
16:09 Scout Tower
16:42 Guard Tower
17:05 Guard Tower
17:15 Scout Tower
17:16 Guard Tower
17:16 Guard Tower
17:25 Blacksmith
17:42 Scout Tower
17:43 Guard Tower
18:01 Scout Tower
18:03 Scout Tower
18:19 Farm
18:19 Farm
18:19 Farm
18:20 Farm
18:21 Farm
18:23 Farm
18:43 Guard Tower
19:03 Scout Tower
19:04 Scout Tower
19:05 Scout Tower
19:06 Scout Tower
19:07 Scout Tower
19:08 Scout Tower
19:09 Scout Tower
19:10 Scout Tower
19:12 Scout Tower
19:13 Guard Tower
19:44 Town Hall
19:50 Town Hall
19:54 Guard Tower
19:57 Scout Tower
19:58 Scout Tower
19:59 Scout Tower
20:23 Workshop
20:23 Workshop
20:24 Workshop
20:25 Workshop
20:27 Workshop
20:43 Guard Tower
20:48 Scout Tower
20:49 Scout Tower
20:50 Scout Tower
20:52 Scout Tower
20:53 Scout Tower
20:55 Scout Tower
20:56 Scout Tower
20:57 Scout Tower
20:58 Scout Tower
20:59 Scout Tower
21:00 Scout Tower
21:22 Guard Tower
21:24 Guard Tower
21:50 Farm
22:01 Guard Tower
22:15 Guard Tower
22:15 Guard Tower
22:15 Guard Tower
22:17 Guard Tower
22:17 Guard Tower
22:18 Guard Tower
22:30 Guard Tower
22:43 Guard Tower
22:44 Guard Tower
22:44 Guard Tower
24:27 Scout Tower
24:27 Scout Tower
24:28 Scout Tower
24:41 Scout Tower
24:42 Scout Tower
24:44 Scout Tower
25:02 Cannon Tower
25:05 Scout Tower
25:07 Scout Tower
25:09 Scout Tower
26:00 Cannon Tower
26:05 Scout Tower
26:05 Scout Tower
26:07 Scout Tower
26:09 Scout Tower
26:47 Arcane Sanctum
27:10 Scout Tower
27:11 Scout Tower
27:11 Scout Tower
27:12 Scout Tower
27:13 Scout Tower
27:14 Scout Tower
27:15 Scout Tower
27:16 Scout Tower
27:17 Scout Tower
27:18 Scout Tower
27:19 Scout Tower
27:22 Scout Tower
27:24 Scout Tower
27:25 Scout Tower
27:26 Scout Tower
27:27 Scout Tower
27:27 Scout Tower
27:28 Scout Tower
27:58 Cannon Tower
28:15 Guard Tower
28:56 Guard Tower
28:58 Guard Tower
29:11 Guard Tower
29:19 Scout Tower
29:20 Scout Tower
29:21 Scout Tower
29:26 Scout Tower
29:52 Guard Tower
29:54 Arcane Tower
30:00 Scout Tower
30:01 Scout Tower
30:02 Scout Tower
30:21 Guard Tower
30:31 Arcane Tower
30:43 Guard Tower
30:46 Arcane Tower
30:47 Arcane Tower
30:47 Arcane Tower
30:49 Scout Tower
31:49 Arcane Tower
33:56 Scout Tower
33:56 Scout Tower
34:06 Scout Tower
34:08 Scout Tower
34:10 Scout Tower
34:11 Scout Tower
34:12 Scout Tower
34:13 Scout Tower
34:13 Scout Tower
34:13 Scout Tower
34:14 Scout Tower
34:15 Scout Tower
34:16 Scout Tower
34:16 Scout Tower
34:17 Scout Tower
34:18 Scout Tower
34:35 Farm
34:55 Scout Tower
35:01 Guard Tower
35:07 Scout Tower
35:08 Scout Tower
35:09 Scout Tower
35:10 Scout Tower
35:11 Scout Tower
35:12 Scout Tower
35:12 Scout Tower
36:46 Guard Tower
37:12 Guard Tower
38:41 Guard Tower
63:02 Scout Tower
63:02 Scout Tower
63:03 Scout Tower
70:14 Scout Tower
70:16 Scout Tower
85:16 Farm
YouStayTOWERS (
orange | 53 APM | 2856 actions | 54:04)
8 Mountain King
3 Storm Bolt
3 Bash
1 Avatar
1 Thunder Clap
» actions
| Basic commands | 24 | |
| Build / train | 128 | |
| Enter build submenu | 83 | |
| Enter hero's abilities submenu | 8 | |
| Remove unit from queue | 3 | |
| Right click | 1555 | |
| Select / deselect | 811 | |
| Use ability | 244 | |
2856 total
» units
| Peasant | 28 | |
| Dragonhawk Rider | 15 | |
| Gryphon Rider | 5 | |
| Priest | 2 | |
50 total
» upgrades
| Lumber Harvesting | 2 | |
| Masonry | 3 | |
| Cloud | 1 | |
| Storm Hammers | 1 | |
| Magic Sentry | 1 | |
8 total
» buildings
| Altar of Kings | 1 | |
| Farm | 11 | |
| Lumber Mill | 2 | |
| Scout Tower | 80 | |
| Keep | 1 | |
| Guard Tower | 33 | |
| Arcane Vault | 5 | |
| Gryphon Aviary | 4 | |
| Town Hall | 4 | |
| Castle | 1 | |
| Arcane Sanctum | 1 | |
143 total
» build order
00:11 Altar of Kings
00:17 Farm
00:24 Lumber Mill
02:04 Scout Tower
02:07 Keep
02:22 Scout Tower
02:36 Scout Tower
02:42 Scout Tower
02:51 Scout Tower
02:54 Guard Tower
03:12 Guard Tower
03:14 Scout Tower
03:25 Guard Tower
03:29 Scout Tower
03:33 Scout Tower
03:36 Scout Tower
04:15 Scout Tower
04:22 Scout Tower
04:22 Guard Tower
04:25 Guard Tower
04:30 Farm
04:49 Scout Tower
04:53 Guard Tower
05:00 Scout Tower
05:17 Guard Tower
05:20 Scout Tower
05:21 Scout Tower
05:36 Guard Tower
05:44 Arcane Vault
05:54 Guard Tower
06:03 Scout Tower
06:10 Scout Tower
06:15 Guard Tower
06:22 Scout Tower
07:24 Guard Tower
07:29 Gryphon Aviary
07:32 Gryphon Aviary
07:34 Gryphon Aviary
07:39 Gryphon Aviary
07:48 Guard Tower
07:50 Scout Tower
07:59 Town Hall
08:27 Guard Tower
08:31 Scout Tower
08:33 Scout Tower
09:00 Castle
09:28 Guard Tower
09:35 Scout Tower
09:40 Scout Tower
09:43 Scout Tower
09:45 Scout Tower
09:58 Farm
09:59 Farm
10:04 Farm
10:05 Farm
10:09 Farm
10:10 Farm
10:29 Guard Tower
11:12 Scout Tower
11:17 Scout Tower
11:18 Scout Tower
11:23 Scout Tower
11:27 Scout Tower
11:30 Scout Tower
11:33 Scout Tower
11:36 Guard Tower
11:39 Scout Tower
11:41 Scout Tower
12:02 Scout Tower
12:08 Scout Tower
12:11 Scout Tower
12:12 Scout Tower
12:17 Scout Tower
12:25 Scout Tower
12:28 Scout Tower
12:35 Guard Tower
12:38 Scout Tower
12:40 Scout Tower
12:42 Scout Tower
12:47 Guard Tower
13:16 Guard Tower
13:41 Guard Tower
13:47 Guard Tower
13:54 Scout Tower
14:10 Guard Tower
14:18 Guard Tower
14:42 Arcane Vault
14:47 Farm
15:45 Lumber Mill
16:37 Guard Tower
17:07 Town Hall
17:17 Scout Tower
17:20 Scout Tower
17:22 Scout Tower
17:49 Guard Tower
17:53 Scout Tower
17:54 Scout Tower
17:55 Scout Tower
17:57 Scout Tower
18:27 Town Hall
18:41 Guard Tower
18:52 Guard Tower
18:57 Arcane Vault
19:26 Scout Tower
19:28 Scout Tower
19:30 Scout Tower
19:31 Scout Tower
19:33 Scout Tower
19:35 Scout Tower
19:51 Scout Tower
19:52 Scout Tower
19:56 Scout Tower
19:58 Scout Tower
19:59 Scout Tower
20:27 Farm
20:29 Farm
21:03 Scout Tower
21:06 Scout Tower
21:09 Scout Tower
21:11 Scout Tower
23:51 Guard Tower
23:52 Guard Tower
23:54 Scout Tower
23:55 Scout Tower
23:56 Scout Tower
23:56 Scout Tower
23:58 Scout Tower
23:59 Scout Tower
24:45 Guard Tower
24:49 Scout Tower
24:50 Scout Tower
24:51 Scout Tower
25:35 Guard Tower
25:38 Arcane Sanctum
29:03 Guard Tower
32:34 Town Hall
32:40 Scout Tower
32:43 Scout Tower
32:44 Scout Tower
32:47 Scout Tower
33:46 Guard Tower
38:21 Arcane Vault
38:30 Arcane Vault
» items
| Lesser Clarity Potion | 4 | |
| Potion of Healing | 4 | |
| Scroll of Town Portal | 8 | |
| Orb of Fire | 1 | |
| Scroll of Regeneration | 5 | |
| Staff of Sanctuary | 1 | |
23 total
team 2 (winner)
fineX (
yellow | 50 APM | 4711 actions | 93:27)
7 Blood Mage
3 Flame Strike
3 Banish
1 Summon Phoenix
» actions
| Assign group hotkey | 102 | |
| Basic commands | 42 | |
| Build / train | 120 | |
| Enter build submenu | 49 | |
| Enter hero's abilities submenu | 7 | |
| Remove unit from queue | 2 | |
| Right click | 2544 | |
| Select / deselect | 654 | |
| Select group hotkey | 904 | |
| Use ability | 287 | |
4711 total
» units
| Peasant | 20 | |
| Siege Engine | 17 | |
| Goblin Shredder | 1 | |
| Flying Machine | 14 | |
52 total
» upgrades
| Masonry | 3 | |
| Gunpowder | 3 | |
| Lumber Harvesting | 2 | |
| Magic Sentry | 1 | |
| Barrage | 1 | |
| Plating | 3 | |
| Flak Cannons | 1 | |
| Flying Machine Bombs | 1 | |
15 total
» buildings
| Altar of Kings | 1 | |
| Farm | 15 | |
| Lumber Mill | 1 | |
| Scout Tower | 62 | |
| Guard Tower | 23 | |
| Arcane Vault | 2 | |
| Keep | 2 | |
| Blacksmith | 1 | |
| Town Hall | 2 | |
| Workshop | 2 | |
| Arcane Sanctum | 1 | |
| Castle | 2 | |
| Arcane Tower | 2 | |
| Gryphon Aviary | 1 | |
117 total
» build order
00:05 Altar of Kings
00:07 Farm
00:25 Lumber Mill
01:43 Scout Tower
01:56 Farm
02:00 Scout Tower
02:15 Guard Tower
02:17 Scout Tower
02:26 Scout Tower
02:27 Scout Tower
03:41 Guard Tower
03:46 Scout Tower
03:47 Scout Tower
04:17 Guard Tower
04:20 Scout Tower
04:20 Scout Tower
04:46 Arcane Vault
04:53 Guard Tower
04:57 Keep
05:26 Scout Tower
05:27 Scout Tower
05:29 Scout Tower
05:54 Blacksmith
06:02 Guard Tower
06:09 Town Hall
06:24 Guard Tower
06:31 Scout Tower
07:15 Guard Tower
07:17 Scout Tower
07:18 Scout Tower
07:48 Workshop
08:00 Workshop
08:06 Guard Tower
08:09 Scout Tower
08:11 Guard Tower
08:38 Guard Tower
08:41 Scout Tower
08:55 Farm
09:22 Guard Tower
10:42 Town Hall
10:50 Scout Tower
10:57 Arcane Sanctum
11:04 Castle
11:10 Scout Tower
11:11 Scout Tower
11:51 Guard Tower
11:53 Scout Tower
11:54 Scout Tower
11:55 Scout Tower
11:55 Scout Tower
11:58 Guard Tower
12:50 Scout Tower
12:56 Scout Tower
12:58 Guard Tower
13:09 Scout Tower
13:17 Scout Tower
13:20 Scout Tower
13:20 Scout Tower
13:23 Guard Tower
13:30 Scout Tower
13:31 Scout Tower
13:32 Scout Tower
14:02 Guard Tower
14:05 Arcane Tower
14:08 Scout Tower
14:11 Scout Tower
14:12 Scout Tower
14:13 Scout Tower
14:20 Guard Tower
14:22 Scout Tower
14:23 Scout Tower
14:24 Scout Tower
14:25 Scout Tower
14:27 Scout Tower
15:44 Guard Tower
15:47 Arcane Tower
16:30 Guard Tower
16:58 Guard Tower
24:43 Gryphon Aviary
27:34 Arcane Vault
29:01 Scout Tower
29:02 Scout Tower
29:02 Scout Tower
29:04 Scout Tower
29:06 Scout Tower
30:46 Guard Tower
31:01 Scout Tower
31:02 Scout Tower
31:04 Scout Tower
31:04 Scout Tower
31:07 Scout Tower
31:09 Scout Tower
31:10 Scout Tower
31:11 Scout Tower
31:12 Scout Tower
31:57 Guard Tower
32:01 Scout Tower
32:01 Scout Tower
32:03 Scout Tower
32:05 Scout Tower
32:06 Scout Tower
32:08 Scout Tower
33:02 Guard Tower
36:52 Farm
36:55 Farm
37:38 Farm
37:39 Farm
38:38 Farm
38:39 Farm
39:23 Farm
39:25 Farm
40:57 Farm
40:57 Farm
64:37 Keep
67:46 Castle
76:56 Farm
77:13 Farm
» items
| Healing Salve | 1 | |
| Lesser Clarity Potion | 4 | |
| Scroll of Town Portal | 7 | |
| Orb of Lightning | 1 | |
| Staff of Teleportation | 1 | |
14 total
GapInTheTooth (
purple | 35 APM | 5262 actions | 148:56)
10 Archmage
3 Blizzard
3 Brilliance Aura
1 Mass Teleport
3 Summon Water Elemental
» actions
| Assign group hotkey | 21 | |
| Basic commands | 126 | |
| Build / train | 118 | |
| ESC pressed | 41 | |
| Enter build submenu | 48 | |
| Enter hero's abilities submenu | 10 | |
| Give item / drop item | 5 | |
| Remove unit from queue | 1 | |
| Right click | 2706 | |
| Select / deselect | 1635 | |
| Select group hotkey | 95 | |
| Use ability | 451 | |
5262 total
» units
| Peasant | 15 | |
| Goblin Shredder | 1 | |
| Goblin Zeppelin | 2 | |
| Mortar Team | 4 | |
| Dragonhawk Rider | 4 | |
| Blue Dragon | 1 | |
| Blue Drake | 1 | |
| Blue Dragon Whelp | 1 | |
29 total
» upgrades
| Masonry | 3 | |
| Lumber Harvesting | 1 | |
| Flare | 1 | |
| Fragmentation Shards | 1 | |
| Magic Sentry | 1 | |
| Barrage | 1 | |
8 total
» buildings
| Lumber Mill | 1 | |
| Altar of Kings | 1 | |
| Farm | 8 | |
| Scout Tower | 176 | |
| Guard Tower | 47 | |
| Keep | 1 | |
| Arcane Vault | 1 | |
| Blacksmith | 1 | |
| Castle | 1 | |
| Workshop | 2 | |
| Cannon Tower | 4 | |
| Town Hall | 2 | |
| Arcane Sanctum | 1 | |
| Gryphon Aviary | 2 | |
248 total
» build order
00:20 Lumber Mill
00:30 Altar of Kings
00:42 Farm
01:05 Scout Tower
01:15 Scout Tower
01:43 Scout Tower
01:44 Scout Tower
01:46 Guard Tower
01:52 Farm
01:53 Farm
01:54 Farm
01:55 Farm
01:56 Farm
02:09 Scout Tower
02:10 Scout Tower
02:11 Scout Tower
02:26 Guard Tower
02:38 Scout Tower
02:41 Guard Tower
03:08 Guard Tower
03:50 Scout Tower
03:51 Scout Tower
03:52 Scout Tower
03:52 Scout Tower
03:54 Guard Tower
03:57 Scout Tower
04:05 Guard Tower
04:21 Guard Tower
04:33 Scout Tower
04:53 Keep
05:21 Guard Tower
05:37 Guard Tower
05:43 Arcane Vault
06:22 Scout Tower
06:23 Scout Tower
06:24 Scout Tower
06:25 Scout Tower
06:26 Scout Tower
06:27 Scout Tower
06:29 Scout Tower
06:31 Scout Tower
06:32 Scout Tower
06:34 Scout Tower
06:34 Scout Tower
06:35 Scout Tower
06:37 Scout Tower
06:37 Scout Tower
06:39 Scout Tower
06:40 Scout Tower
06:41 Scout Tower
06:42 Scout Tower
06:43 Scout Tower
06:50 Scout Tower
06:58 Guard Tower
07:05 Blacksmith
07:19 Guard Tower
07:21 Guard Tower
07:22 Guard Tower
08:24 Guard Tower
08:32 Scout Tower
09:22 Guard Tower
09:24 Scout Tower
09:32 Castle
09:46 Guard Tower
10:17 Workshop
10:19 Workshop
10:23 Scout Tower
10:26 Guard Tower
10:54 Scout Tower
10:59 Scout Tower
11:00 Scout Tower
11:12 Scout Tower
11:14 Scout Tower
11:16 Scout Tower
11:18 Scout Tower
11:19 Scout Tower
11:21 Scout Tower
11:22 Scout Tower
11:30 Scout Tower
11:30 Scout Tower
11:32 Scout Tower
11:32 Scout Tower
11:33 Scout Tower
11:34 Scout Tower
11:36 Scout Tower
11:37 Scout Tower
11:38 Scout Tower
11:39 Scout Tower
11:39 Scout Tower
11:40 Scout Tower
11:42 Scout Tower
11:43 Scout Tower
12:12 Scout Tower
12:13 Scout Tower
12:15 Scout Tower
12:32 Cannon Tower
12:35 Guard Tower
12:42 Farm
13:02 Guard Tower
13:07 Guard Tower
13:12 Guard Tower
13:21 Guard Tower
13:50 Cannon Tower
14:24 Town Hall
14:30 Farm
16:03 Guard Tower
16:11 Guard Tower
16:55 Scout Tower
16:56 Scout Tower
16:57 Scout Tower
16:58 Scout Tower
17:10 Scout Tower
17:12 Scout Tower
17:12 Scout Tower
17:13 Scout Tower
17:14 Scout Tower
17:31 Guard Tower
17:49 Scout Tower
17:51 Scout Tower
17:52 Scout Tower
17:54 Scout Tower
18:11 Cannon Tower
18:12 Cannon Tower
19:02 Guard Tower
19:11 Guard Tower
21:27 Arcane Sanctum
26:34 Gryphon Aviary
26:35 Gryphon Aviary
28:59 Scout Tower
28:59 Scout Tower
28:59 Scout Tower
29:00 Scout Tower
29:00 Scout Tower
29:00 Scout Tower
29:01 Scout Tower
29:01 Scout Tower
29:01 Scout Tower
29:01 Scout Tower
29:02 Scout Tower
29:02 Scout Tower
29:02 Scout Tower
29:02 Scout Tower
29:03 Scout Tower
29:03 Scout Tower
29:04 Scout Tower
29:04 Scout Tower
29:04 Scout Tower
29:05 Scout Tower
29:05 Scout Tower
29:06 Scout Tower
29:06 Scout Tower
29:06 Scout Tower
29:07 Scout Tower
29:07 Scout Tower
29:08 Scout Tower
29:08 Scout Tower
29:09 Scout Tower
29:09 Scout Tower
29:10 Scout Tower
29:10 Scout Tower
29:10 Scout Tower
29:11 Scout Tower
29:11 Scout Tower
29:11 Scout Tower
29:12 Scout Tower
29:12 Scout Tower
29:12 Scout Tower
29:12 Scout Tower
29:13 Scout Tower
29:13 Scout Tower
29:13 Scout Tower
29:13 Scout Tower
30:10 Guard Tower
30:19 Scout Tower
30:19 Scout Tower
30:20 Scout Tower
30:20 Scout Tower
30:22 Scout Tower
30:22 Scout Tower
30:23 Scout Tower
30:24 Scout Tower
30:25 Scout Tower
30:26 Scout Tower
30:27 Scout Tower
30:27 Scout Tower
30:29 Scout Tower
30:29 Scout Tower
30:30 Scout Tower
30:31 Scout Tower
30:32 Scout Tower
30:33 Scout Tower
30:34 Scout Tower
31:01 Guard Tower
31:11 Guard Tower
31:28 Guard Tower
31:32 Guard Tower
31:35 Guard Tower
31:39 Guard Tower
32:06 Guard Tower
32:13 Guard Tower
32:26 Guard Tower
32:32 Scout Tower
32:36 Scout Tower
32:37 Scout Tower
32:38 Scout Tower
32:39 Scout Tower
32:42 Guard Tower
32:44 Guard Tower
32:47 Guard Tower
32:51 Scout Tower
32:52 Scout Tower
32:54 Scout Tower
32:55 Scout Tower
32:56 Scout Tower
32:57 Scout Tower
32:58 Scout Tower
33:00 Scout Tower
33:10 Guard Tower
33:16 Guard Tower
33:22 Guard Tower
33:58 Guard Tower
34:55 Guard Tower
35:06 Guard Tower
37:43 Town Hall
37:50 Guard Tower
» items
| Scroll of Healing | 1 | |
| Potion of Lesser Invulnerability | 1 | |
| Boots of Speed | 1 | |
| Staff of Teleportation | 1 | |
| Scroll of Town Portal | 6 | |
| Scroll of Regeneration | 1 | |
| Mechanical Critter | 2 | |
| Orb of Lightning | 1 | |
| Periapt of Vitality | 1 | |
15 total
GOKUMAN69 (
pink | 36 APM | 5384 actions | 148:56)
10 Blademaster
3 Wind Walk
3 Critical Strike
1 Bladestorm
3 Mirror Image
» actions
| Assign group hotkey | 1 | |
| Basic commands | 27 | |
| Build / train | 116 | |
| Enter build submenu | 67 | |
| Enter hero's abilities submenu | 10 | |
| Give item / drop item | 4 | |
| Remove unit from queue | 9 | |
| Right click | 3339 | |
| Select / deselect | 1183 | |
| Use ability | 627 | |
5384 total
» units
| Peon | 16 | |
| Troll Batrider | 44 | |
| Goblin Zeppelin | 2 | |
| Goblin Shredder | 4 | |
| Blue Dragon | 2 | |
| Mortar Team | 7 | |
| Flying Machine | 8 | |
83 total
» upgrades
| Reinforced Defenses | 1 | |
| Liquid Fire | 1 | |
| Spiked Barricades | 1 | |
| Ranged Weapons | 1 | |
| Armor | 1 | |
| Fragmentation Shards | 1 | |
| Flare | 1 | |
7 total
» buildings
| Altar of Storms | 1 | |
| Orc Burrow | 4 | |
| War Mill | 1 | |
| Watch Tower | 106 | |
| Stronghold | 1 | |
| Voodoo Lounge | 1 | |
| Fortress | 1 | |
| Spirit Lodge | 1 | |
| Beastiary | 2 | |
| Great Hall | 2 | |
| Gryphon Aviary | 2 | |
122 total
» build order
00:06 Altar of Storms
00:24 Orc Burrow
00:41 War Mill
01:59 Watch Tower
02:10 Watch Tower
02:55 Stronghold
03:27 Watch Tower
04:15 Watch Tower
04:34 Orc Burrow
04:36 Orc Burrow
04:45 Voodoo Lounge
05:23 Watch Tower
05:25 Fortress
05:28 Spirit Lodge
05:31 Beastiary
06:01 Beastiary
06:31 Orc Burrow
06:36 Watch Tower
06:59 Watch Tower
07:14 Great Hall
07:22 Watch Tower
09:21 Watch Tower
10:57 Watch Tower
11:01 Watch Tower
11:06 Watch Tower
11:22 Watch Tower
11:23 Watch Tower
11:24 Watch Tower
11:25 Watch Tower
11:26 Watch Tower
11:27 Watch Tower
11:34 Watch Tower
11:42 Watch Tower
11:44 Watch Tower
12:14 Watch Tower
12:16 Watch Tower
12:54 Watch Tower
12:56 Watch Tower
12:58 Watch Tower
13:50 Watch Tower
16:59 Watch Tower
17:03 Watch Tower
17:03 Watch Tower
17:04 Watch Tower
17:05 Watch Tower
17:06 Watch Tower
17:07 Watch Tower
17:08 Watch Tower
17:09 Watch Tower
17:10 Watch Tower
17:11 Watch Tower
17:12 Watch Tower
17:13 Watch Tower
17:15 Watch Tower
17:16 Watch Tower
17:16 Watch Tower
17:51 Watch Tower
17:54 Watch Tower
17:56 Watch Tower
18:55 Watch Tower
18:55 Watch Tower
18:57 Watch Tower
19:00 Watch Tower
19:03 Watch Tower
19:03 Watch Tower
19:10 Watch Tower
19:12 Watch Tower
19:14 Watch Tower
19:14 Watch Tower
19:15 Watch Tower
19:20 Watch Tower
21:32 Watch Tower
24:52 Watch Tower
24:53 Watch Tower
24:55 Watch Tower
24:57 Watch Tower
24:58 Watch Tower
24:59 Watch Tower
25:01 Watch Tower
25:02 Watch Tower
26:16 Watch Tower
26:17 Watch Tower
26:18 Watch Tower
26:20 Watch Tower
26:21 Watch Tower
26:22 Watch Tower
26:23 Watch Tower
26:26 Watch Tower
26:27 Watch Tower
26:27 Watch Tower
34:04 Watch Tower
36:11 Great Hall
36:13 Watch Tower
37:38 Watch Tower
37:50 Watch Tower
37:53 Watch Tower
37:58 Watch Tower
37:59 Watch Tower
38:00 Watch Tower
39:07 Watch Tower
44:20 Watch Tower
44:22 Watch Tower
55:46 Watch Tower
55:46 Watch Tower
55:47 Watch Tower
55:47 Watch Tower
55:47 Watch Tower
55:48 Watch Tower
55:48 Watch Tower
55:48 Watch Tower
55:49 Watch Tower
55:52 Watch Tower
77:00 Watch Tower
94:04 Gryphon Aviary
94:04 Gryphon Aviary
99:17 Watch Tower
99:18 Watch Tower
100:14 Watch Tower
100:25 Watch Tower
» items
| Healing Salve | 2 | |
| Lesser Clarity Potion | 2 | |
| Orb of Lightning | 1 | |
| Staff of Teleportation | 1 | |
6 total
Tecnolife (
green | 48 APM | 7206 actions | 148:56)
10 Warden
3 Shadow Strike
3 Blink
1 Spirit of Vengeance
3 Fan of Knives
» actions
| Assign group hotkey | 2 | |
| Basic commands | 47 | |
| Build / train | 112 | |
| ESC pressed | 3 | |
| Enter build submenu | 23 | |
| Enter hero's abilities submenu | 13 | |
| Give item / drop item | 10 | |
| Remove unit from queue | 26 | |
| Right click | 4966 | |
| Select / deselect | 1364 | |
| Select group hotkey | 43 | |
| Use ability | 597 | |
7206 total
» units
| Wisp | 20 | |
| Chimaera | 14 | |
| Mortar Team | 18 | |
52 total
» upgrades
| Strength of the Wild | 3 | |
| Reinforced Hides | 3 | |
| Corrosive Breath | 1 | |
| Well Spring | 1 | |
| Nature's Blessing | 1 | |
9 total
» buildings
| Moon Well | 16 | |
| Altar of Elders | 1 | |
| Tree of Ages | 1 | |
| Tree of Eternity | 2 | |
| Hunter's Hall | 1 | |
| Ancient of Wind | 1 | |
| Chimaera Roost | 2 | |
| Tree of Life | 1 | |
25 total
» build order
00:07 Moon Well
00:10 Altar of Elders
01:52 Moon Well
06:19 Moon Well
06:21 Moon Well
06:23 Moon Well
06:56 Moon Well
06:59 Moon Well
07:20 Moon Well
07:22 Moon Well
08:32 Tree of Ages
08:44 Moon Well
09:27 Moon Well
10:53 Tree of Eternity
10:54 Tree of Eternity
10:55 Hunter's Hall
11:00 Ancient of Wind
13:25 Chimaera Roost
13:27 Chimaera Roost
17:44 Tree of Life
33:08 Moon Well
33:11 Moon Well
78:21 Moon Well
78:22 Moon Well
78:25 Moon Well
» items
| Orb of Lightning | 1 | |
| Circlet of Nobility | 2 | |
| Scroll of Town Portal | 3 | |
| Boots of Speed | 1 | |
| Periapt of Vitality | 1 | |
| Staff of Teleportation | 1 | |
9 total
Chat log
(00:14 / All) Tecnolife: .....
(00:18 / Allies) GOKUMAN69: tower noobin
(00:20 / All) Tecnolife: i think u guyz gon tower....?
(00:27 / All) GOKUMAN69: maybez
(00:29 / All) Tecnolife: sumfint ellin me
(00:35 / All) Tecnolife: i got dis feelin
(00:48 / All) Tecnolife: ESPN i think.....
(00:58 / All) iN00BTOWERS: dunk contest is on
(01:26 / Allies) GOKUMAN69: n
(01:32 / All) GOKUMAN69: nigger monkeys
(01:35 / All) Tecnolife: MANNER
(02:08 / Allies) GOKUMAN69: scout dem
(02:29 / Allies) GOKUMAN69: if they are towering creep all the mines
(02:35 / Allies) GOKUMAN69: then get the 4 top mines
(03:13 / All) fineX: wher da towers at
(04:03 / All) fineX: I SURE DO LOVE MY MORE THAN 3 PEASANTS
(04:15 / All) Tecnolife: THEY WOULDN'T KNOW
(04:29 / Allies) GOKUMAN69: so late
(04:30 / All) fineX: yo niggas if u gonna tower do it a bit earlier know what im saying
(04:36 / All) fineX: check out highper.ch for some kool replays
(05:01 / Allies) GOKUMAN69: get those fast
(06:05 / Allies) GOKUMAN69: heal
(06:07 / Allies) GOKUMAN69: then
(06:11 / Allies) GOKUMAN69: who cares
(06:26 / Allies) GOKUMAN69: wood
(06:55 / All) fineX: lil l8 on da towers bro know what im sayin
(07:04 / All) iN00BTOWERS: we know
(07:35 / Allies) GOKUMAN69: nope
(07:37 / Allies) GOKUMAN69: hawks
(08:04 / Allies) GOKUMAN69: we need the uper mines now
(09:24 / Allies) GOKUMAN69: healing
(10:15 / Allies) GOKUMAN69: pick me up
(10:27 / Allies) GOKUMAN69: this one next
(11:39 / Allies) GOKUMAN69: gold please
(12:49 / Allies) GOKUMAN69: gap
(13:09 / Allies) GOKUMAN69: gap take that
(13:14 / Allies) GOKUMAN69: tecno this one
(15:49 / Allies) GOKUMAN69: take that
(15:54 / Allies) GOKUMAN69: and that
(16:33 / Allies) GOKUMAN69: towers
(18:35 / Allies) GOKUMAN69: yeah
(18:38 / Allies) GOKUMAN69: use the tanks
(18:42 / Allies) GOKUMAN69: and the staff
(19:21 / Allies) fineX: assemble
(19:25 / Allies) GOKUMAN69: brt
(20:05 / Allies) GOKUMAN69: wood
(21:19 / Allies) GOKUMAN69: give them to my bm
(23:43 / Allies) GOKUMAN69: mort
(24:05 / All) fineX: this is shared land
(24:12 / Allies) GOKUMAN69: dumb as help
(24:15 / Allies) GOKUMAN69: hell
(24:27 / Allies) GOKUMAN69: shit hero
(24:30 / Allies) GOKUMAN69: here
(25:46 / All) GOKUMAN69: n0ice
(25:47 / Allies) GOKUMAN69: me
(25:50 / Allies) GOKUMAN69: I need them
(28:50 / Allies) GOKUMAN69: way more towers
(31:43 / All) iN00BTOWERS: lol
(31:45 / All) iN00BTOWERS: no gold left
(31:45 / All) iN00BTOWERS: xd
(31:55 / All) fineX: i have ~22k, how bout you guys
(32:01 / All) iN00BTOWERS: 6.5k
(32:05 / All) GOKUMAN69: 10000
(32:08 / Allies) GapInTheTooth: 5.6
(32:10 / All) AdventureTOWERS: 560000000k
(32:14 / All) fineX: lies
(32:19 / All) AdventureTOWERS: watch replay
(32:57 / Allies) fineX: 560000000k - 560000000x1000 - there is not even that much on Friends you lie
(35:58 / Allies) GOKUMAN69: aoe
(36:38 / Allies) GOKUMAN69: mort
(37:53 / All) iN00BTOWERS: IM GOING TO CALL POWERTOWERNERF!
(38:03 / All) GapInTheTooth: good luck, he's in our clan
(38:03 / All) GOKUMAN69: not funny
(38:09 / All) GOSUIMBATOWERS: his is a fun game
(38:11 / All) fineX: i'll do my best to help you
(38:27 / All) fineX: but yeah he is in our clan and offline currently :(
(38:53 / All) fineX: oh no
(38:56 / All) fineX: not my empty expo
(38:58 / All) fineX: please god no
(38:59 / All) fineX: please
(39:00 / All) fineX: dont do it
(39:03 / All) fineX: i beg of you
(39:23 / Allies) GOKUMAN69: my spy towers
(44:57 / Allies) GOKUMAN69: where is my draon??
(47:39 / All) GOKUMAN69: pro tip
(47:53 / All) GOKUMAN69: dont tower
(47:58 / All) iN00BTOWERS: we know
(47:59 / All) iN00BTOWERS: rofl
(48:21 / All) iN00BTOWERS: i made r3 todays tour..
(49:52 / Allies) GOKUMAN69: no
(50:23 / All) fineX: gosu niggaz
(50:57 / All) iN00BTOWERS: our account names are the 1st name in our account ( for me / adventure )
(51:04 / All) GapInTheTooth: i dont understand
(51:04 / Allies) GapInTheTooth: th
(51:09 / All) GapInTheTooth: this isnt wow
(51:13 / All) GapInTheTooth: u can only have one name
(52:13 / All) YouStayTOWERS: how long do you want to play?
(52:19 / All) Tecnolife: i'm here all night
(52:19 / All) fineX: 28 hours
(52:22 / All) fineX: break our record
(53:09 / Allies) GOKUMAN69: dont tank the towers
(54:11 / All) Tecnolife: aw
(54:14 / All) Tecnolife: the record :(
(54:14 / All) fineX: :(
(54:17 / All) GapInTheTooth: Clan TOWA rep
(54:22 / All) GapInTheTooth: highper.ch
(54:22 / All) GOKUMAN69: youstay
(54:23 / All) fineX: clan towa reprezents
(54:31 / All) fineX: highper.ch for kewl replays of how to tower!
(54:41 / All) GapInTheTooth: thats www.highper.ch
(54:41 / All) fineX: not this "build towers 25 minutes in" thing
(54:53 / All) fineX: again, www.highper.ch
(56:02 / All) fineX: how does mort like pheonix
(56:12 / All) fineX: it seem mort not suited for arizona!! ahahahaaha
(56:46 / Allies) GOKUMAN69: what happened?
(57:10 / All) fineX: not my main!!
(57:22 / Allies) GOKUMAN69: ps I killed it
(57:55 / Allies) GOKUMAN69: 350 crit
(59:58 / Allies) GOKUMAN69: close calls with jm
(60:47 / All) fineX: how u d00dz on gold? only 16k here :(
(61:16 / All) fineX: orange took all the expos but he is gone :(
(62:56 / Allies) GOKUMAN69: pih??
(63:49 / Allies) GOKUMAN69: brt
(63:58 / Allies) GOKUMAN69: getting a new mic
(64:05 / Allies) GOKUMAN69: a good one
(64:06 / Allies) GapInTheTooth: fyck ues
(64:19 / Allies) GOKUMAN69: my friend got it for me
(64:24 / Allies) GOKUMAN69: almost 18
(64:35 / Allies) GOKUMAN69: hahahaha
(64:43 / Allies) GOKUMAN69: we cann't lose
(65:01 / Allies) GOKUMAN69: haha
(65:28 / Allies) GOKUMAN69: thats for a new hall nobo
(65:33 / Allies) fineX: ur a nobo
(65:48 / Allies) fineX: a gang of peasants find a peon on a dark night
(65:53 / Allies) fineX: die
(65:56 / Allies) fineX: commie bastard
(66:10 / All) GOKUMAN69: ppoo towers
(66:47 / Allies) fineX: fukkin owned nub
(70:31 / All) AdventureTOWERS: lol
(71:01 / Allies) GOKUMAN69: I'm back for a few
(71:18 / Allies) GOKUMAN69: fuck this up
(73:25 / All) AdventureTOWERS: dead am
(73:26 / All) AdventureTOWERS: ;x
(73:35 / Allies) GOKUMAN69: nerd rage
(75:15 / Allies) GOKUMAN69: ugh AAHHHH
(75:21 / Allies) GOKUMAN69: myhero nnnnononoonnono
(76:18 / Allies) GOKUMAN69: blue dragon is better then a bm imo
(76:55 / All) GOKUMAN69: heheheh
(76:58 / All) AdventureTOWERS: ;x
(77:03 / All) AdventureTOWERS: thous heros expensive?
(77:11 / All) fineX: we have plenty of cash so its all god
(77:14 / Allies) fineX: good
(77:15 / All) AdventureTOWERS: good
(77:16 / All) GOKUMAN69: not really
(77:17 / All) AdventureTOWERS: i want lvl 10
(77:18 / All) fineX: *
(77:42 / Allies) GOKUMAN69: ok
(77:50 / Allies) GOKUMAN69: dont move my stufff
(79:14 / All) AdventureTOWERS: i was just given 38k wood
(79:19 / All) AdventureTOWERS: so ill throw wood at you
(79:27 / All) fineX: i only have 60k wood :(
(79:58 / All) fineX: OUr feedelf is a nub who only has 30k wood :(
(79:59 / All) iN00BTOWERS: nice MH btw
(80:00 / All) iN00BTOWERS: ^^
(80:06 / All) Tecnolife: thx
(80:07 / All) fineX: thx
(80:14 / All) fineX: i got it from shadow french
(80:31 / All) Tecnolife: if u donate u get no detect vers
(82:00 / Allies) GOKUMAN69: pluging in my mic
(82:09 / All) AdventureTOWERS: yum
(86:46 / All) AdventureTOWERS: come
(86:49 / All) AdventureTOWERS: ill be in middle
(86:58 / All) AdventureTOWERS: pansy
(87:31 / All) AdventureTOWERS: raped
(93:31 / All) AdventureTOWERS: Rofl
(93:34 / All) AdventureTOWERS: leave
(93:36 / All) Tecnolife: we drophacked him
(93:37 / All) AdventureTOWERS: you run out of gold
(93:38 / All) Tecnolife: sorry
(93:40 / All) AdventureTOWERS: lols
(93:40 / All) Tecnolife: yeah
(93:42 / All) AdventureTOWERS: nvm
(93:42 / All) Tecnolife: we ran out of gold
(93:45 / All) AdventureTOWERS: aw
(93:48 / All) AdventureTOWERS: we got like 1k
(93:49 / All) Tecnolife: you caught us
(93:53 / All) Tecnolife: sure don't have 30k
(94:01 / All) AdventureTOWERS: we got 500 each
(94:02 / All) AdventureTOWERS: ;x
(94:08 / All) AdventureTOWERS: saving for moaras
(94:16 / All) AdventureTOWERS: my hex won it
(94:17 / All) AdventureTOWERS: ;x
(96:28 / All) AdventureTOWERS: almost got us
(97:29 / All) AdventureTOWERS: your mh is pro
(98:20 / All) AdventureTOWERS: roifl
(98:22 / All) AdventureTOWERS: how much hp
(98:36 / All) GOKUMAN69: 10
(104:07 / All) AdventureTOWERS: rofl
(107:30 / All) AdventureTOWERS: wow
(107:32 / All) AdventureTOWERS: 18 hp
(110:05 / All) GapInTheTooth: hahhahah
(110:06 / All) GapInTheTooth: leave
(110:12 / All) AdventureTOWERS: na
(110:13 / All) Tecnolife: no dont
(110:14 / All) AdventureTOWERS: this is fn
(110:15 / All) Tecnolife: our record
(111:57 / All) AdventureTOWERS: didnt know he existed
(112:08 / Allies) GOKUMAN69: work o n that
(113:30 / All) AdventureTOWERS: rofl
(113:32 / All) AdventureTOWERS: my orbs
(113:35 / All) AdventureTOWERS: took it off
(113:48 / All) AdventureTOWERS: im top
(113:51 / All) AdventureTOWERS: on score
(114:01 / All) AdventureTOWERS: in00b is second
(114:03 / All) AdventureTOWERS: ;x
(114:04 / All) AdventureTOWERS: so far
(114:09 / All) AdventureTOWERS: games been goign on for 1:52
(114:21 / All) GapInTheTooth: stfu noob we know we're playing it
(114:43 / All) AdventureTOWERS: yummy
(116:59 / All) AdventureTOWERS: brb
(117:05 / All) Tecnolife: omg hes afk get him
(117:20 / All) AdventureTOWERS: well i was
(117:24 / All) AdventureTOWERS: till you attacked
(117:25 / All) AdventureTOWERS: ;x
(119:42 / Allies) GOKUMAN69: just kill those
(119:56 / Allies) GOKUMAN69: we are going to need to some time
(120:38 / All) AdventureTOWERS: wish i had mh
(120:39 / Allies) GOKUMAN69: gold me for bats
(120:43 / All) Tecnolife: too bad
(120:45 / All) Tecnolife: only for us
(120:50 / All) AdventureTOWERS: woudl be easy
(120:57 / Allies) GapInTheTooth: bats and copters here
(122:25 / Allies) GapInTheTooth: brb 5
(128:55 / All) AdventureTOWERS: so you think you would win
(128:58 / All) AdventureTOWERS: if you didnt have mh?
(129:01 / All) Tecnolife: no
(129:06 / Allies) GOKUMAN69: hahahah
(129:08 / All) Tecnolife: mh is too good
(129:13 / All) AdventureTOWERS: i know
(129:13 / All) Tecnolife: everyone mh's
(129:16 / All) AdventureTOWERS: not everyone
(129:18 / Allies) GOKUMAN69: map hack
(129:19 / All) Tecnolife: noobs dont
(129:24 / All) AdventureTOWERS: your a noob lol
(129:28 / All) Tecnolife: why you lose then?
(129:32 / All) AdventureTOWERS: cause you mh?
(129:38 / All) Tecnolife: everyone does noob
(129:44 / All) AdventureTOWERS: rofl
(129:48 / All) AdventureTOWERS: 50% scrub
(129:57 / All) Tecnolife: 100% ownage
(130:15 / All) GapInTheTooth: 100% pro u cant kill a bm with 6 heroes and two dragons
(130:26 / All) Tecnolife: cuz he doesnt mh dud
(130:28 / All) Tecnolife: lollll
(130:30 / All) AdventureTOWERS: considering id did 5 times?
(130:44 / All) GapInTheTooth: considering you've lost
(130:49 / All) AdventureTOWERS: i kno wi have
(130:51 / All) GapInTheTooth: how about considering that
(130:54 / All) GapInTheTooth: leave
(130:56 / All) AdventureTOWERS: i do
(130:58 / All) AdventureTOWERS: no
(131:02 / All) AdventureTOWERS: ill enjoy the game
(135:41 / Allies) GOKUMAN69: gold me
(135:53 / Allies) GOKUMAN69: 500
(136:23 / All) GOKUMAN69: quit
(136:27 / All) GOKUMAN69: you got hacked
(136:28 / All) AdventureTOWERS: why
(136:31 / All) AdventureTOWERS: im enjoying the game
(136:35 / All) Tecnolife: me too
(136:36 / All) Tecnolife: dont quit
(136:39 / All) AdventureTOWERS: i wont
(136:40 / All) GapInTheTooth: you enjoy losing
(136:41 / All) Tecnolife: i like to watch you waste your time
(136:42 / All) AdventureTOWERS: :D
(138:18 / All) Tecnolife: u got dudes in ur base syndrome
(138:19 / All) Tecnolife: u got it bad
(139:33 / Allies) GapInTheTooth: 3:20 crit everyday
(139:47 / Allies) GOKUMAN69: 320??/
(139:52 / Allies) GapInTheTooth: thats ur crit
(139:56 / Allies) GOKUMAN69: 360
(139:58 / Allies) GOKUMAN69: more liek
(140:04 / Allies) GOKUMAN69: leik
(140:08 / Allies) GapInTheTooth: your images were critting at 320
(141:01 / Allies) Tecnolife: i dont want to know
(141:03 / Allies) Tecnolife: who did that